 Dungeon Crawl Stone Soup version 0.26.1-11-gd32895ea62 (webtiles) character file.

Game seed: 17151337985498469516

45 sankara the Firebug (level 3, 15/26 HPs)
             Began as a Draconian Fire Elementalist on June 21, 2021.
             Got out of the dungeon alive.
             The game lasted 00:04:44 (1347 turns).

sankara the Firebug (Draconian Fire Elementalist)   Turns: 1347, Time: 00:04:45

Health: 15/26      AC:  5    Str: 10    XL:     3   Next: 42%
Magic:  6/6        EV: 12    Int: 16    God:
Gold:   61         SH:  0    Dex: 11    Spells: 5/6 levels left

rFire    . . .     SeeInvis +   b - +0 whip
rCold    . . .     Faith    .   (no shield)
rNeg     . . .     Spirit   .   (armour unavailable)
rPois    .         Reflect  .   (helmet restricted)
rElec    .         Harm     .   (no cloak)
rCorr    .         Rampage  .   (no gloves)
Will     .....                  (no boots)
Stlth    ++........             (no amulet)
HPRegen  0.08/turn              c - ring of see invisible
MPRegen  0.10/turn              (no ring)

@: no status effects
A: unfitting armour, cold-blooded, AC +5
a: no special abilities


You escaped.
You visited 1 branch of the dungeon, and saw 2 of its levels.

You collected 61 gold pieces.

Inventory:

Hand Weapons
 b - a +0 whip (weapon)
Jewellery
 c - a ring of see invisible (left hand)
Scrolls
 a - 7 scrolls of identify {unknown}
 d - 2 scrolls of enchant armour {unknown}
 e - 5 scrolls of teleportation {unknown}
 g - a scroll of enchant weapon {unknown}
 i - a scroll of noise {unknown}
 j - a scroll of remove curse {unknown}
Potions
 f - a potion of might {unknown}
 h - a potion of attraction {unknown}


   Skills:
 - Level 1.7 Dodging
 - Level 1.7 Stealth
 + Level 2.4 Spellcasting
 * Level 2.2 Conjurations
 * Level 3.6 Fire Magic


You had 5 spell levels left.
You knew the following spells:

 Your Spells              Type           Power        Failure   Level
a - Foxfire               Conj/Fire      44%          6%          1

Your spell library contained the following spells:

 Spells                   Type           Power        Failure   Level
 Conjure Flame            Conj/Fire      11%          19%         3
 Animate Skeleton         Necr           2%           21%         1
 Apportation              Tloc           2%           21%         1
 Corona                   Hex            1%           21%         1
 Summon Small Mammal      Summ           4%           21%         1
 Inner Flame              Hex/Fire       7%           28%         3
 Sticky Flame             Conj/Fire      11%          52%         4
 Fireball                 Conj/Fire      5%           86%         5


Dungeon Overview and Level Annotations

Branches:
Dungeon (2/15)

Altars:


Innate Abilities, Weirdness & Mutations

Your plain brown scales are hard. (AC +5)
You cannot fit into any form of body armour.
You are cold-blooded and may be slowed by cold attacks.


Message History

You conjure some foxfire!
The hobgoblin hits you but does no damage.
The foxfire hits the quokka.
You kill the quokka!
You closely miss the hobgoblin.
The hobgoblin is heavily wounded.
The foxfire hits the hobgoblin.
You kill the hobgoblin!
You see here a +0 club.
There is a stone staircase leading up here.
Okay, then.
Unknown command.
You climb upwards.
There is a stone staircase leading down here.
Magic restored.
You enter the shallow water.
Moving in this stuff is going to be slow.
There is a staircase leading out of the dungeon here.
Are you sure you want to leave the Dungeon?
This will make you lose the game!
You have escaped!

###...##....#####.#............#
.....................>.#.......#
###..)###.######.#####.#....####
#...# #.#≈≈≈≈♣≈♣≈≈≈#.#....# #...#
#.#≈..P[..♣ ≈#.#....# ######
#.#≈.PPP.♣♣♣≈#.#....# #....#
#.#≈..P...♣.≈#.#....#
#....###.#♣♣.......♣#.#....#####
#..............@...≈..#.........
#........#♣♣.......♣#.#....####.
#..).....#≈......P.≈#.###'## #.
####......#≈.....PPP≈#.###.#####.
........#.#≈......P.≈#...........
........#.#≈≈≈≈♣≈♣≈≈≈#.....######
....##+##.######.#####.......#
....##.#..............#......#
....##.###.#########..#.#....#


There were no monsters in sight!

Vanquished Creatures
  An ooze (D:2)
  4 dart slugs (D:1)
  A leopard gecko (D:1)
  5 goblins
  A hobgoblin (D:2)
  3 jackals (D:1)
  A quokka (D:2)
  A ball python (D:2)
  5 bats
  3 frilled lizards
  4 kobolds
  4 rats
33 creatures vanquished.

Vanquished Creatures (others)
  33 foxfires
  5 toadstools (D:1)
38 creatures vanquished.

Grand Total: 71 creatures vanquished

Notes
Turn   | Place    | Note
-------+----------+-------------------------------------------
     0 | D:1      | sankara the Draconian Fire Elementalist began the quest for
                  | the Orb.
     0 | D:1      | Reached XP level 1. HP: 14/14 MP: 3/3
   182 | D:1      | Reached XP level 2. HP: 16/20 MP: 5/5
   747 | D:1      | Reached XP level 3. HP: 26/26 MP: 4/6
  1347 | D:$      | Got out of the dungeon alive.

Illustrated notes

Levels and vault maps discovered:
D:1:      ldierk_walled_garden, layout_basic
D:2:      layout_basic

Skill      XL: |  1  2 |
---------------+-------+-----
Conjurations   | 2 |  2.2
Dodging        | |  1.7
Stealth        | |  1.7
Spellcasting   | |  2.4
Fire Magic     | |  3.6

Action                   || total
-------------------------++-------
Melee: Unarmed           ||    40
       Tailslap          ||     9
       Whip              ||    53
 Cast: Foxfire           ||    24
 Stab: Sleeping          ||     3
Armor: Skin              ||    42
Dodge: Dodged            ||    84
